 Dungeon Crawl Stone Soup version 0.28-a0-203-gf40de95187 (webtiles) character file.

Game seed: 3556216543332150834

7499 Morbidden the Thaumaturge (level 11, -6/76 HPs)
             Began as a Djinni Conjurer on Aug 20, 2021.
             Was a Believer of Makhleb.
             Mangled by a boulder beetle (12 damage)
             ... on level 9 of the Dungeon.
             The game lasted 00:18:43 (8241 turns).

Morbidden the Thaumaturge (Djinni Conjurer)         Turns: 8241, Time: 00:18:44

Health: -6/76      AC:  5    Str: 14    XL:     11   Next: 38%
Gold:   2635       EV: 14    Int: 21    God:    Makhleb [**....] SH:  0 Dex: 12

rFire   + + .      SeeInvis .   p - +0 short sword (elec)
rCold   x . .      Faith    .   (no shield)
rNeg    . . .      Spirit   .   c - +1 troll leather armour
rPois   ∞          Reflect  .   (no helmet)
rElec   .          Harm     .   (no cloak)
rCorr   .          Rampage  .   (no gloves)
Will    +....                   (boots unavailable)
Stlth   ++........              A - amulet of regeneration
HPRegen 2.22/turn               i - +6 ring of strength
MPRegen 0.00/turn               (no ring)

@: flying, studying 3 skills
A: sickness immunity, fire resistance 2, cold vulnerability 1, float, innate
caster, hp casting, extra vitality 1
a: Renounce Religion, Minor Destruction


You were on level 9 of the Dungeon.
You worshipped Makhleb.
Makhleb was pleased with you.
You visited 2 branches of the dungeon, and saw 12 of its levels.
You also visited: Sewer.

You collected 2635 gold pieces.

Inventory:

Hand Weapons
 d - a +5 dagger of pain
 k - a +4 short sword
 p - a +0 short sword of electrocution (weapon)
Missiles
 z - 3 throwing nets
 B - 16 boomerangs of dispersal
 E - 7 javelins (quivered)
Armour
 c - a +1 troll leather armour (worn)
Jewellery
 i - a +6 ring of strength (left hand)
 A - an amulet of regeneration (around neck)
Wands
 f - a wand of flame (7)
 y - a wand of digging (3)
 G - a wand of iceblast (8)
 H - a wand of acid (11)
Scrolls
 b - 4 scrolls of identify
 g - 2 scrolls of teleportation
 m - a scroll of brand weapon {unknown}
 s - a scroll of noise {unknown}
 t - a scroll of immolation {unknown}
 w - a scroll of blinking {unknown}
 x - a scroll of silence
 D - a scroll of enchant weapon {unknown}
 F - a scroll of enchant armour
Potions
 a - 5 potions of magic
 e - 5 potions of curing {unknown}
 h - 2 potions of flight {unknown}
 j - 2 potions of berserk rage {unknown}
 l - 3 potions of cancellation {unknown}
 n - a potion of brilliance {unknown}
 o - 3 potions of haste {unknown}
 q - 3 potions of mutation
 r - 3 potions of invisibility {unknown}
 u - a potion of lignification {unknown}
 C - a potion of heal wounds {unknown}


   Skills:
 * Level 5.9 Fighting
 + Level 3.0 Short Blades
 + Level 4.2 Armour
 * Level 6.6 Dodging
 + Level 3.2 Stealth
 * Level 11.0 Spellcasting
 * Level 4.4 Invocations


You had 4 spell levels left.
You knew the following spells:

 Your Spells              Type           Power      Damage    Failure   Level
a - Magic Dart            Conj           100%       1d8       1%          1
b - Vampiric Draining     Necr           27%        2d9       1%          3
c - Manifold Assault      Tloc           55%        N/A       2%          5
d - Fulminant Prism       Conj/Hex       27%        3d14      1%          4
f - Apportation           Tloc           100%       N/A       1%          1
g - Mephitic Cloud        Conj/Pois/Air  55%        N/A       1%          3
s - Static Discharge      Conj/Air       55%        N/A       1%          2
v - Dazzling Flash        Conj/Hex       100%       N/A       1%          3
x - Searing Ray           Conj           100%       3d7       1%          2
z - Iskenderun's Mystic   Conj/Tloc      55%        2d12      1%          4
Your spell library was empty.

Dungeon Overview and Level Annotations

Branches:
Dungeon (11/15)            Temple (1/1) D:5           Sewer (visited)
   Lair: D:8-11         Orc: D:9-12

Altars:
Ashenzari
Dithmenos
Elyvilon
Fedhas
Gozag
Hepliaklqana
Kikubaaqudgha
Makhleb
Nemelex Xobeh
Ru
Sif Muna
Trog
Uskayaw
Vehumet
Xom
Yredelemnul
Zin
The Shining One

Shops:
D:7 =   D:9 [   D:10 !

Annotations:
D:3 1 runed translucent door, Nattfarinn's ghost, amateur DDNe
D:4 1 runed translucent door, tape's ghost, amateur OpTm


Innate Abilities, Weirdness & Mutations

You are immune to sickness and miasma.
You are immune to poison.
Your flesh is very heat resistant. (rF++)
You are vulnerable to cold. (rC-)
You float through the air rather than walking.
You learn spells naturally, not from books.
Your magical power is your life essence.
You have superior vitality. (+4 HP)


Message History

Confirm with . or Enter, or press ? or * to list all spells.
You can't see any susceptible monsters within range! (Use Z to cast anyway.) Unknown command.
A boulder beetle is nearby!
Unknown command.
Casting: Manifold Assault (dangerous; 2% risk of failure)
Confirm with . or Enter, or press ? or * to list all spells.
Space momentarily warps into an impossible shape!
You hit the boulder beetle but do no damage.
Unknown command.
Casting: Manifold Assault (dangerous; 2% risk of failure)
Confirm with . or Enter, or press ? or * to list all spells.
Space momentarily warps into an impossible shape!
You hit the boulder beetle but do no damage.
The boulder beetle curls into a ball and begins rolling!
Unknown command.
Casting: Manifold Assault (dangerous; 2% risk of failure)
Confirm with . or Enter, or press ? or * to list all spells.
You can't see any susceptible monsters within range! (Use Z to cast anyway.) Unknown command.
A boulder beetle is nearby!
Unknown command.
Casting: Manifold Assault (dangerous; 2% risk of failure)
Confirm with . or Enter, or press ? or * to list all spells.
Space momentarily warps into an impossible shape!
You hit the boulder beetle but do no damage.
Lightning courses through the boulder beetle!
The boulder beetle hits you!!!
Ouch! That really hurt!
The boulder beetle stops rolling and uncurls.
Unknown command.
Casting: Manifold Assault (dangerous; 2% risk of failure)
Confirm with . or Enter, or press ? or * to list all spells.
Space momentarily warps into an impossible shape!
You hit the boulder beetle.
Lightning courses through the boulder beetle!!
The boulder beetle bites you!!
* * * LOW HITPOINT WARNING * * *
The boulder beetle bites you!
You die...

...#......##...................#
...#......##...................#
...#......##........######.....#
...#......##........# #.....#
...#......##........## #.....#
#......##.........## #.....#
#......##...###§§≈§## #.....#
#....<.##...B.§§§≈≈≈###.....#
#).....##..○#@§§§<≈≈≈##>....#
#).....##...§≈≈)...≈§§§.....#
#......##..≈§≈)8..8.§§§.....#
#......##..≈≈8##''##8≈≈§....#
#...$..##.≈≈≈##.)..##≈§§)...##
#.......)[≈≈##......##§≈.)....
#.........≈§#..# ##..#≈≈))....
.......###≈§#B.# #..#§≈..§...
.......# #≈≈#..# #..#≈≈......


You could see a boulder beetle.

Vanquished Creatures
  2 two-headed ogres
  Pikel (D:9)
  A hornet (D:8)
  Sigmund (D:2)
  A wyvern (D:8)
  Eustachio (D:4)
  2 steam dragons
  3 yaks (D:9)
  Menkaure (D:5)
  2 water moccasins
  3 orc warriors
  2 ice beasts
  4 black bears
  A sky beast (D:6)
  A necrophage (D:8)
  An ogre (D:3)
  A centaur (D:9)
  A phantom (D:5)
  5 kobold brigands
  Blork the orc (D:5)
  A gnoll sergeant (D:8)
  4 scorpions
  A water moccasin skeleton (D:6)
  A killer bee (D:8)
  8 wights (D:9)
  A howler monkey (D:6)
  3 lava snakes
  3 centaur zombies
  A bullfrog zombie (D:7)
  3 jellies (D:2)
  2 hounds
  2 centaur skeletons (D:7)
  8 orc priests
  A gnoll shaman (D:5)
  Jessica (D:2)
  3 iguanas
  Ijyb (D:5)
  15 orc wizards
  A killer bee zombie (D:6)
  A howler monkey zombie (D:9)
  11 gnolls
  8 adders
  9 river rats (Sewer)
  A shadow imp (D:5)
  2 white imps
  2 adder skeletons (D:4)
  2 worms
  2 dart slugs
  32 orcs
  16 ball pythons
  13 endoplasms
  5 giant cockroaches
  5 goblins
  7 hobgoblins
  4 jackals (D:5)
  4 quokkas
  2 bats (D:1)
  6 frilled lizards
  33 kobolds
  20 rats
  A spectral orc (D:3)
281 creatures vanquished.

Vanquished Creatures (others)
  7 fungi (D:2)
  3 toadstools (D:2)
10 creatures vanquished.

Grand Total: 291 creatures vanquished

Notes
Turn   | Place    | Note
-------+----------+-------------------------------------------
     0 | D:1      | Morbidden the Djinni Conjurer began the quest for the Orb.
     0 | D:1      | Reached XP level 1. HP: 15/15 MP: 0/0
   258 | D:1      | Reached XP level 2. HP: 20/22 MP: 0/0
  1131 | D:2      | Reached XP level 3. HP: 24/26 MP: 0/0
  1131 | D:2      | Learned a level 1 spell: Apportation
  1223 | D:2      | Reached skill level 4 in Spellcasting
  1317 | D:2      | Noticed Sigmund
  1394 | D:2      | Killed Sigmund
  1395 | D:2      | Reached skill level 1 in Fighting
  1395 | D:2      | Reached skill level 5 in Spellcasting
  1395 | D:2      | Reached XP level 4. HP: 27/32 MP: 0/0
  1395 | D:2      | Reached XP level 5. HP: 31/37 MP: 0/0
  1395 | D:2      | Learned a level 2 spell: Static Discharge
  1395 | D:2      | Reached XP level 6. HP: 35/42 MP: 0/0
  1539 | D:2      | Reached skill level 1 in Armour
  1693 | D:2      | Noticed Jessica
  1694 | D:2      | Killed Jessica
  1849 | D:3      | Reached XP level 7. HP: 37/48 MP: 0/0
  1849 | D:3      | Learned a level 3 spell: Mephitic Cloud
  2032 | D:3      | Found a runed translucent door.
  2035 | D:3      | Noticed Nattfarinn's ghost (amateur DDNe)
  2677 | D:3      | Found a hazy altar of Hepliaklqana.
  2810 | D:3      | Found a faded altar of an unknown god.
  3000 | D:4      | Reached skill level 6 in Spellcasting
  3032 | D:4      | Found a runed translucent door.
  3032 | D:4      | Noticed Eustachio
  3046 | D:4      | Killed Eustachio
  3053 | D:4      | Noticed tape's ghost (amateur OpTm)
  3367 | D:4      | Found a glowing drain.
  3380 | D:4      | Reached XP level 8. HP: 55/55 MP: 0/0
  3384 | Sewer    | Entered a sewer
  3648 | Sewer    | Reached skill level 1 in Short Blades
  4489 | D:5      | Entered Level 5 of the Dungeon
  4551 | D:5      | Noticed Blork the orc
  4559 | D:5      | Killed Blork the orc
  4752 | D:5      | Found a staircase to the Ecumenical Temple.
  4784 | D:5      | Noticed Ijyb
  4793 | D:5      | Killed Ijyb
  4835 | Temple   | Entered the Ecumenical Temple
  4906 | Temple   | Became a worshipper of Makhleb the Destroyer
  5005 | D:5      | Noticed Menkaure
  5012 | D:5      | Killed Menkaure
  5013 | D:5      | Reached XP level 9. HP: 17/61 MP: 0/0
  5013 | D:5      | Learned a level 3 spell: Vampiric Draining
  5187 | D:6      | Found a broken altar of Ashenzari.
  5197 | D:6      | Reached skill level 1 in Invocations
  5389 | D:6      | Reached skill level 7 in Spellcasting
  6221 | D:7      | Reached * piety under Makhleb
  6332 | D:7      | Reached skill level 8 in Spellcasting
  6343 | D:7      | Reached XP level 10. HP: 66/69 MP: 0/0
  6386 | D:7      | Found Yleokk's Jewellery Shop.
  6941 | D:8      | Reached skill level 5 in Fighting
  7001 | D:8      | You are sucked into a shaft and drop 3 floors!
  7056 | D:11     | Reached skill level 5 in Dodging
  7064 | D:10     | Entered Level 10 of the Dungeon
  7072 | D:10     | Found Qigetoh's Distillery.
  7092 | D:10     | Noticed a two-headed ogre
  7098 | D:10     | Killed a two-headed ogre
  7099 | D:10     | Reached skill level 9 in Spellcasting
  7181 | D:8      | Reached ** piety under Makhleb
  7335 | D:8      | Found a sacrificial altar of Ru.
  7560 | D:8      | Identified 5 scrolls of acquirement
  7560 | D:8      | Acquired a manual of Evocations
  7562 | D:8      | Acquired 1182 gold pieces
  7564 | D:8      | Acquired 981 gold pieces
  7566 | D:8      | Acquired a manual of Dodging
  7568 | D:8      | Acquired a manual of Spellcasting
  7735 | D:9      | Reached XP level 11. HP: 50/76 MP: 0/0
  7735 | D:9      | Learned a level 5 spell: Manifold Assault
  7907 | D:9      | Reached skill level 10 in Spellcasting
  7927 | D:9      | Noticed Pikel
  7960 | D:9      | Killed Pikel
  8007 | D:9      | Found Otipsa Juol's Antique Armour Boutique.
  8043 | D:9      | Noticed a boulder beetle
  8064 | D:9      | Noticed a two-headed ogre
  8095 | D:9      | Killed a two-headed ogre
  8151 | D:9      | Reached skill level 11 in Spellcasting
  8241 | D:9      | Mangled by a boulder beetle

Illustrated notes

Levels and vault maps discovered:
D:1:      mrwooster_arrival_statue_2, layout_basic, st_stairs_14,
          chequers_serial_rivers_micro_e
D:2:      cheibrodos_fertilizer, layout_basic, minmay_worlds_worst_comb,
          uniq_jessica, uniq_sigmund
D:3:      layout_basic, nicolae_hepliaklqana_monster_ancestors,
          chequers_ecumenical_altar_lobes, ebering_ghost_reflecting_pool
D:4:      layout_loops_corners, portal_sewer_entry_d, ebering_ghost_sewer_d,
          uniq_eustachio
D:5:      layout_rooms, minmay_temple_entry_glass,
          minmay_fractal_squares_diagonal_5, uniq_ijyb, uniq_blork_the_orc,
          uniq_menkaure
D:6:      layout_loops_corners, nicolae_ashenzari_skybound, eino_tiny_chamber,
          minmay_unpleasant_kobolds
D:7:      layout_basic, serial_shops, shop, st_stairs_4
D:8:      layout_loops_ring, nicolae_ru_the_path_less_chosen,
          minmay_misc_feat_cross, kennysheep_dice
D:9:      layout_long_grid, lemuel_doored_altar, okawaru_altar_gauntlet_db,
          serial_shops, kennysheep_little_box, kennysheep_island_fort,
          uniq_pikel
D:10:     layout_basic, general_overflow_altar, mainiacjoe_overflow_paths,
          dpeg_oklobed_lair, orc_david_3, serial_shops, nicolae_stop_n_shop_1
D:11:     layout_layer_cave, uniq_erica
Temple:   eino_wide_crystal_templ

Skill      XL: |  1  2  3  4  5  6  7  8  9 10 11 |
---------------+----------------------------------+-----
Spellcasting   | 5 6 8 9 11 | 11.0
Fighting       | 1 2 3 4 5 |  5.9
Armour         | 1 3 4 |  4.2
Stealth        | 2 3 |  3.2
Short Blades   | 2 3 |  3.0
Dodging        | 3 4 5 6 |  6.6
Invocations    | 2 3 4 |  4.4

Action                   |  1- 3 |  4- 6 |  7- 9 | 10-12 || total
-------------------------+-------+-------+-------+-------++-------
Melee: Dagger            |       |     8 |    18 |       ||    26
       Short sword       |       |       |   139 |   134 ||   273
 Cast: Magic Dart        |    66 |    29 |    94 |    49 ||   238
       Searing Ray       |     5 |     8 |    29 |       ||    42
       Iskenderun's Myst |       |       |    16 |    11 ||    27
       Static Discharge  |       |       |     9 |       ||     9
       Vampiric Draining |       |       |    57 |    98 ||   155
       Manifold Assault  |       |       |       |    20 ||    20
       Dazzling Flash    |       |       |       |     6 ||     6
  Use: Scroll            |       |       |     4 |     7 ||    11
 Stab: Sleeping          |       |       |     5 |       ||     5
Armor: Troll leather arm |     2 |     5 |    62 |    58 ||   127
Dodge: Dodged            |     6 |    10 |   162 |   154 ||   332

Table legend: (Time is in decaauts)
 A = Elapsed time spent in this place.
 B = Non-inter-level travel time spent in this place.
 C = Inter-level travel time spent in this place.
 D = Time resting spent in this place.
 E = Time spent auto-exploring this place.
 F = Levels seen in this place.
 G = Mean time per level.
                   A        B        C        D        E       F      G
               +--------+--------+--------+--------+--------+-----+--------+
         Total |   8240 |   7897 |    343 |    144 |   5758 |  13 |  633.8 |
       Dungeon |   7595 |   7278 |    317 |    144 |   5336 |  11 |  690.5 |
        Temple |     78 |     52 |     26 |      0 |     50 |   1 |   78.0 |
         Sewer |    566 |    566 |      0 |      0 |    372 |   1 |  566.0 |
               +--------+--------+--------+--------+--------+-----+--------+

Top non-repeatable levels by time:
     D:1: 1128 daAuts
     D:3: 984 daAuts
     D:4: 972 daAuts
     D:6: 939 daAuts
     D:2: 842 daAuts
     D:8: 774 daAuts
     D:9: 621 daAuts
     D:5: 618 daAuts
     D:7: 591 daAuts
   Sewer: 566 daAuts
  Temple: 78 daAuts
    D:11: 62 daAuts
    D:10: 60 daAuts
